 Dungeon Crawl Stone Soup version 0.30.0-5-g1a98f26d00 (webtiles) character file.

Game seed: 11805966678082565069

715 Jackthecabe the Shooter (level 7, -4/54 HPs)
             Began as a Demonspawn Hexslinger on May 9, 2023.
             Slain by Edmund
             ... wielding a +1 flail of holy wrath
              (6 damage)
             ... on level 4 of the Dungeon.
             The game lasted 00:20:58 (5395 turns).

Jackthecabe the Shooter (Demonspawn Hexslinger)     Turns: 5395, Time: 00:20:58

Health: -4/54      AC:  3    Str: 10    XL:     7   Next: 41%
Magic:  8/8        EV: 16    Int: 14    God:
Gold:   184        SH:  0    Dex: 16    Spells: 7/8 levels left

rFire   . . .        a - +0 arbalest
rCold   + . .        (shield currently unavailable)
rNeg    . . .        r - +0 leather armour
rPois   .            (helmet restricted)
rElec   .            (no cloak)
rCorr   .            (no gloves)
SInv    .            (no boots)
Will    .....        (no amulet)
Stlth   +            E - +5 ring of evasion
HPRegen 0.29/turn    C - ring of protection from cold
MPRegen 0.11/turn

%: no passive effects
@: about to teleport
A: antennae 1, ignite blood 1, demonic magic 1
a: no special abilities


You were on level 4 of the Dungeon.
You visited 1 branch of the dungeon, and saw 5 of its levels.

You collected 184 gold pieces.


Innate Abilities, Weirdness & Mutations

You have a pair of small antennae on your head.
Your demonic aura sometimes causes spilled blood to erupt in flames.
Spells you cast may paralyse adjacent enemies.


   Skills:
 - Level 4.0 Fighting
 + Level 6.8 Ranged Weapons
 - Level 1.7 Dodging
 - Level 1.0 Spellcasting
 - Level 3.0 Hexes


You had 7 spell levels left.
You knew the following spells:

 Your Spells              Type           Power      Damage    Failure   Level
s - Slow                  Hex            36%        N/A       11%         1

Your spell library contained the following spells:

 Spells                   Type           Power      Damage    Failure   Level
 Sublimation of Blood     Necr           0%         N/A       47%         2
 Inner Flame              Hex/Fire       4%         N/A       50%         3
 Portal Projectile        Hex/Tloc       8%         N/A       50%         3
 Cause Fear               Hex            4%         N/A       71%         4
 Petrify                  Tmut/Erth      0%         N/A       98%         4
 Irradiate                Conj/Tmut      0%         3d11      100%        5

Inventory:

Hand Weapons
 a - a +0 arbalest (weapon)
 b - a +1 dagger of protection
 u - a +1 dagger of freezing
 w - a +1 sling
Missiles
 j - 2 throwing nets {=f}
 n - 2 datura-tipped darts
Armour
 c - a +0 robe
 r - a +0 leather armour (worn)
 t - a +0 kite shield
Jewellery
 C - a ring of protection from cold (right hand)
 E - a +5 ring of evasion (left hand)
Wands
 p - a wand of light (3)
Scrolls
 e - 2 scrolls of fear
 f - a scroll of vulnerability {unknown}
 h - 2 scrolls of silence {unknown}
 l - 4 scrolls of identify {unknown}
 o - 2 scrolls of teleportation {@r2}
 q - a scroll of poison
 v - a scroll of enchant weapon {unknown}
 y - a scroll of enchant armour {unknown}
 z - a scroll of blinking {unknown}
Potions
 d - 4 potions of curing {unknown}
 g - a potion of haste {unknown}
 i - a potion of degeneration {unknown}
 k - a potion of berserk rage {!q}
 m - 2 potions of magic {unknown}
 s - a potion of attraction {unknown}
 x - a potion of heal wounds {@q2}

Dungeon Overview and Level Annotations

Branches:
Dungeon (5/15)
 Temple: D:4-7

Altars:

Annotations:
D:3 1 runed translucent door, Grinder; Irreverend's ghost, amateur MiFi
D:4 Edmund; Pikel
D:5 Eustachio

#.# #.# #..#
#...#.... ##.##
#.# #..###
#..###...
#...###.#
#....#
#...#....
..#.....#
#.##.#
#.#...#..
....#####
#.##.#
#........ >#.##
#.##.#
####....# .#.#
#.##.# ##.<.#
##.# #.##.###
##... #.##
###..@...# #.##
#..#
#.....@..## #.#
##.#
#.#>......# #.#
#.#
#.#.......##
#.# #.#
#.#......#.##
#.# #z#
#.#.##..###.#
#.# #.#
#.#.####.#..#
#.## #z# #.#.#
##.#.#######...
#.# #.#.#
#.#...........


You could see Edmund (berserk, blind).


Message History

Edmund resists with some effort.
Malevolent energies surge around you.
Edmund drinks a potion.
Edmund goes berserk!
Okay, then.
Aiming: Bolt of Light
Press: ? - help, Shift-Dir - straight line, f/p - Edmund
Aim: Edmund, wielding a +1 flail of holy wrath and wearing a +0 leather armour (berserk, 71% to hit)
The bolt of light hits Edmund.
Edmund is lightly wounded.
Edmund is blinded.
Edmund hits you with a +1 flail of holy wrath!
You convulse!
Edmund closely misses you.
Edmund rages.
As you read the scroll labelled QELUITTUCE, it crumbles to dust.
You assume a fearsome visage.
Edmund is unaffected.
It was a scroll of fear.
Edmund closely misses you.
Edmund hits you with a +1 flail of holy wrath!
* * * LOW HITPOINT WARNING * * *
You convulse!
* * * LOW HITPOINT WARNING * * *
Okay, then.
Edmund is engulfed in blazing flames.
Edmund closely misses you.
As you read the scroll labelled WORAMOI QYCAPT, it crumbles to dust.
You feel strangely unstable.
It was a scroll of teleportation.
Edmund closely misses you.
Edmund hits you with a +1 flail of holy wrath!
* * * LOW HITPOINT WARNING * * *
You convulse.
You die...

Skill      XL: |  1  2  3  4  5  6  7 |
---------------+----------------------+-----
Ranged Weapons | 2 3 4 5 6 |  6.8
Fighting       | 3 4 |  4.0
Dodging        | |  1.7
Spellcasting   | |  1.0
Hexes          | |  3.0

Action                     |  1- 3 |  4- 6 |  7- 9 || total
---------------------------+-------+-------+-------++-------
  Melee: Dagger            |       |   159 |    34 ||   193
         Punch             |       |     3 |       ||     3
   Fire: Sling             |   151 |   148 |       ||   299
         Arbalest          |       |       |    60 ||    60
   Cast: Slow              |     3 |    36 |     4 ||    43
  Evoke: Wand              |       |     1 |     3 ||     4
    Use: Scroll            |       |       |     2 ||     2
   Stab: Paralysed         |       |    18 |     6 ||    24
         Sleeping          |       |     1 |       ||     1
 Armour: Robe              |    11 |    22 |     9 ||    42
  Dodge: Dodged            |    39 |   204 |    45 ||   288

Levels and vault maps discovered:
D:1:      noname_arrival_rooms_in_the_neighbourhood, layout_basic, serial_bayou,
          serial_bayou_shore_a, serial_bayou_lagoon_b, serial_bayou_pond_a,
          serial_bayou_crossing, serial_bayou_pond_a, serial_bayou_shore_b
D:2:      layout_loops_corners, hex_medium
D:3:      layout_rooms, hellmonk_ghost_happy_afterlife, uniq_robin, uniq_grinder
D:4:      layout_loops_ring, portal_sewer_entry_a, minmay_increasing_density,
          uniq_pikel
D:5:      layout_cave_pools, uniq_edmund, uniq_eustachio

Notes
Turn   | Place    | Note
-------+----------+-------------------------------------------
     0 | D:1      | Jackthecabe the Demonspawn Hexslinger began the quest for
                  | the Orb.
     0 | D:1      | Reached XP level 1. HP: 15/15 MP: 2/2
    80 | D:1      | Reached skill level 2 in Ranged Weapons
   185 | D:1      | Gained mutation: You have a pair of small antennae on your
                  | head. [demonic ancestry]
   185 | D:1      | Reached XP level 2. HP: 21/21 MP: 3/3
   554 | D:1      | Reached skill level 3 in Ranged Weapons
   610 | D:1      | Reached XP level 3. HP: 26/26 MP: 4/4
  1834 | D:3      | Noticed Irreverend's ghost (amateur MiFi)
  1834 | D:3      | Found a runed translucent door.
  1862 | D:3      | Reached skill level 4 in Ranged Weapons
  1862 | D:3      | Gained mutation: Spells you cast may paralyse adjacent
                  | enemies. [demonic ancestry]
  1862 | D:3      | Reached XP level 4. HP: 21/32 MP: 5/5
  1923 | D:3      | You fall into a shaft and drop 2 floors!
  1923 | D:5      | Entered Level 5 of the Dungeon
  1936 | D:5      | Noticed a black bear
  1979 | D:5      | Killed a black bear
  1980 | D:5      | Reached skill level 5 in Ranged Weapons
  1980 | D:5      | Reached XP level 5. HP: 34/37 MP: 6/6
  2408 | D:4      | Reached XP level 6. HP: 17/43 MP: 2/7
  2801 | D:3      | Reached skill level 6 in Ranged Weapons
  3033 | D:3      | Reached skill level 2 in Fighting
  3126 | D:3      | Noticed Grinder
  3514 | D:3      | Noticed Robin
  3527 | D:3      | Killed Robin
  3528 | D:3      | Reached skill level 3 in Fighting
  3603 | D:3      | Paralysed by Grinder for 4 turns
  4120 | D:5      | Noticed Eustachio
  4367 | D:4      | Gained mutation: Your demonic aura sometimes causes spilled
                  | blood to erupt in flames. [demonic ancestry]
  4367 | D:4      | Reached XP level 7. HP: 53/53 MP: 8/8
  4469 | D:4      | Reached skill level 4 in Fighting
  4566 | D:4      | Noticed Pikel
  5351 | D:5      | Noticed Edmund
  5395 | D:4      | HP: 2/54 [Edmund/+1 flail of holy wrath (8)]
  5395 | D:4      | Slain by Edmund

Vanquished Creatures
  A black bear (D:5)
  4 lemures (D:4)
  5 wights
  A hound (D:4)
  2 orc priests
  An iguana (D:4)
  An orc wizard (D:4)
  Robin (D:3)
  A gnoll (D:1)
  6 adders
  3 river rats (D:4)
  A white imp (D:5)
  4 worms
  3 dart slugs
  9 orcs
  6 ball pythons
  11 endoplasms
  7 giant cockroaches
  8 goblins
  7 hobgoblins
  5 quokkas
  8 bats
  4 frilled lizards
  8 kobolds
  8 rats
115 creatures vanquished.

Table legend: (Time is in decaauts)
 A = Elapsed time spent in this place.
 B = Non-inter-level travel time spent in this place.
 C = Inter-level travel time spent in this place.
 D = Time resting spent in this place.
 E = Time spent auto-exploring this place.
 F = Levels seen in this place.
 G = Mean time per level.
                   A        B        C        D        E       F      G
               +--------+--------+--------+--------+--------+-----+--------+
         Total |   5536 |   5182 |    354 |    699 |   2235 |   5 | 1107.2 |
       Dungeon |   5536 |   5182 |    354 |    699 |   2235 |   5 | 1107.2 |
               +--------+--------+--------+--------+--------+-----+--------+

Top non-repeatable levels by time:
     D:4: 1654 daAuts
     D:2: 1238 daAuts
     D:3: 1210 daAuts
     D:1: 1168 daAuts
     D:5: 265 daAuts

Table legend:
 A = Non-vault XP
 B = Vault XP
 C = Vault XP percentage of total XP
 D = Non-vault monster count
 E = Vault monster count
 F = Vault count percentage of total count
                 A         B        C        D         E       F
            +---------+---------+-------+---------+---------+-------
      Total |     912 |     110 |  10.8 |      87 |      24 |  21.6
            +---------+---------+-------+---------+---------+-------
        D:1 |      56 |       0 |   0.0 |      27 |       0 |   0.0
        D:2 |      82 |       0 |   0.0 |      17 |       0 |   0.0
        D:3 |     211 |      36 |  14.6 |      19 |      12 |  38.7
        D:4 |     394 |      74 |  15.8 |      17 |      12 |  41.4
        D:5 |     169 |       0 |   0.0 |       7 |       0 |   0.0
            +---------+---------+-------+---------+---------+-------
